 Dungeon Crawl Stone Soup version 0.13-a0-2281-ge1c0d72 (webtiles) character file.

257 ManOfSteam the Skirmisher (level 4, 0/35 HPs)
             Began as a Demonspawn Chaos Knight on July 7, 2013.
             Was a Plaything of Xom.
             Killed from afar by Duskembrace's ghost (9 damage)
             ... with a magic dart
             ... on Level 3 of the Dungeon.
             The game lasted 00:31:57 (2592 turns).

ManOfSteam the Skirmisher (Demonspawn Chaos Knight) Turns: 2592, Time: 00:31:57

HP   0/35        AC  5     Str 13      XL: 4   Next: 92%
MP   4/4         EV 12     Int 14      God: Xom
Gold 125         SH  0     Dex 14      Spells:  1 memorised,  0 levels left

Res.Fire  : + + .   See Invis. : .   a - +0 mace (chaos)
Res.Cold  : + . .   Warding    : .   C - +2 robe {rF+}
Life Prot.: . . .   Conserve   : .   (no shield)
Res.Poison: +       Res.Corr.  : .   (no helmet)
Res.Elec. : +       Clarity    : .   (no cloak)
Sust.Abil.: . .     Spirit.Shd : .   y - +0 pair of gloves
Res.Mut.  : .       Stasis     : .   (no boots)
Res.Rott. : .       Flight     : .   (no amulet)
Saprovore : . . .                    v - ring of flight
                                     d - ring of poison resistance

@: slightly resistant to hostile enchantments, stealthy
A: Dex +2
a: Renounce Religion, Evoke Flight


You were on level 3 of the Dungeon.
You worshipped Xom.
You were a favourite toy of Xom.
You were not hungry.

You visited 1 branch of the dungeon, and saw 4 of its levels.

You collected 105 gold pieces.

Inventory:

Hand weapons
 a - a +0,+0 mace of chaos (weapon)
 g - a +0,+0 mace
 r - a -1,+3 orcish whip
 A - a +1,+1 dwarven hand axe (quivered)
Missiles
 e - 12 bolts
 l - 21 arrows
Armour
 b - a +2 leather armour
 f - a +0 ring mail
 p - a +1 leather armour
 y - a +0 pair of gloves (worn)
 C - a +2 robe of fire resistance (worn)
Magical devices
 q - a wand of disintegration (7)
Comestibles
 c - 3 bread rations
 k - a rambutan
 m - 2 pears
 D - a snozzcumber
 F - a meat ration
 G - an apricot
Scrolls
 i - 3 scrolls of curse jewellery
 j - a scroll of teleportation
 n - 2 scrolls of enchant armour
 s - 2 scrolls of identify
 t - 5 scrolls of remove curse
Jewellery
 d - a ring of poison resistance (left hand)
 v - a ring of flight (right hand)
Potions
 h - a potion of heal wounds
 o - 2 potions of curing
 z - a potion of cure mutation
Books
 B - a book of Maledictions

   Spells                             Type                      Level
   Corona                             Hexes                        1
   Sure Blade                         Hexes/Charms                 2
   Ensorcelled Hibernation            Hexes/Ice                    2
   *Confuse                           Hexes                        3
   Enslavement                        Hexes                        4
   Invisibility                       Hexes                        6


   Skills:
 + Level 4.0 Fighting
 + Level 3.3 Maces & Flails
 + Level 2.2 Armour
 + Level 1.7 Dodging
 + Level 1.8 Stealth


You couldn't memorise any spells.
You knew the following spells:

 Your Spells              Type           Power        Failure   Level  Hunger
a - Confuse               Hex            #.......     83%         3    ####...


Dungeon Overview and Level Annotations

Branches:
Dungeon (4/27)
 Temple: D:4-7

Altars:
Trog

Annotations
D:3 Duskembrace's ghost, average DgWz


Innate Abilities, Weirdness & Mutations

You have a somewhat thin skeletal structure (Dex +2, Stlth).


Message History

Duskembrace's ghost hits you. Duskembrace's ghost hits you!
Drink which item? (? for menu, Esc to quit)
Magic courses through your body.
It was a potion of magic.
Xom roars with laughter!
Duskembrace's ghost barely misses you.
Drink which item? (? for menu, Esc to quit)
You feel protected.
It was a potion of resistance.
Duskembrace's ghost points at you and mumbles some strange words.
The ball explodes into a vile cloud!
The stinking cloud engulfs you!
The stinking cloud engulfs Duskembrace's ghost.
Duskembrace's ghost gestures at you while chanting.
The magic dart hits you!
* * * LOW HITPOINT WARNING * * *
Drink which item? (? for menu, Esc to quit)
You feel refreshed.
It was a potion of restore abilities.
Duskembrace's ghost casts a spell at you.
The magic dart hits you!
You die...
Xom thinks this is hilarious!

####.##..........##.#.#
#..............#.##.#.#
#.##...........#......# #
##..#........####.###
#.#............# #.####
##.#...###.####.####....#
#.......§§§.....#.......#
#.......#§p.....#.......#
###.......#@§..(..#.......#
#.................#(......#
#.#.......#.......#.......#
# #.......#....%..#.......#
#.......#...............#
##.##.########.##.#######
#. #.# #.##.# .. ...##
#.##.# ## .
.....######.##.#


You could see Duskembrace's ghost.

Vanquished Creatures
  Jessica (D:3)
  An ogre skeleton (D:4)
  A hound (D:4)
  4 adders
  2 orcs (D:4)
  2 giant cockroaches
  7 hobgoblins
  5 jackals (D:3)
  An ooze (D:1)
  10 bats
  2 giant geckos (D:2)
  4 giant newts
  6 goblins
  A goblin skeleton (D:4)
  A hobgoblin skeleton (D:4)
  2 kobolds (D:2)
  3 rats
  A rat skeleton (D:4)
54 creatures vanquished.

Vanquished Creatures (collateral kills)
  An orc (D:4)
1 creature vanquished.

Grand Total: 55 creatures vanquished

Notes
Turn   | Place    | Note
--------------------------------------------------------------
     0 | D:1      | ManOfSteam, the Demonspawn Chaos Knight, began the quest for the Orb.
     0 | D:1      | Reached XP level 1. HP: 16/16 MP: 1/1
    96 | D:1      | XOM: potion effect (invisibility)
   115 | D:1      | Reached skill level 1 in Dodging
   194 | D:1      | Gained mutation: You have a somewhat thin skeletal structure (Dex +2, Stlth). [demonic ancestry]
   194 | D:1      | Reached XP level 2. HP: 22/22 MP: 2/2
   365 | D:1      | XOM: harmless Erth miscast
   389 | D:1      | XOM: silly message
   541 | D:2      | Reached skill level 1 in Stealth
   870 | D:2      | XOM: noise
   940 | D:2      | Reached XP level 3. HP: 24/28 MP: 3/3
   996 | D:2      | XOM: scenery: 1 doors close
  1269 | D:2      | You fall through a shaft!
  1305 | D:4      | HP: 1/28 [ogre skeleton (13)]
  1313 | D:4      | XOM: vitrification
  1396 | D:4      | XOM: colour smoke trail
  1454 | D:4      | XOM: vitrification
  1486 | D:4      | XOM: confuse monster(s)
  1776 | D:4      | Reached XP level 4. HP: 34/34 MP: 4/4
  1945 | D:3      | Found a bloodstained altar of Trog.
  2071 | D:3      | Learned a level 3 spell: Confuse
  2076 | D:3      | Noticed Jessica
  2083 | D:3      | Killed Jessica
  2083 | D:3      | Reached skill level 4 in Fighting
  2280 | D:3      | XOM: god gift: quarterstaff {god gift}
  2448 | D:2      | XOM: divination: detect creatures
  2579 | D:3      | Noticed Duskembrace's ghost (average DgWz)
  2592 | D:3      | Killed from afar by Duskembrace's ghost

Action                   |  1- 3 |  4- 6 || total
-------------------------+-------+-------++-------
Melee: Mace              |   109 |    48 ||   157
Throw: Throwing net      |     1 |     1 ||     2
Evoke: Wand              |       |     5 ||     5
  Use: Scroll            |     8 |     1 ||     9
       Potion            |     2 |     5 ||     7
 Stab: Invisible         |     2 |       ||     2
       Sleeping          |     4 |       ||     4
       Paralysed         |       |     2 ||     2
